 Dungeon Crawl Stone Soup version 0.27-a0-1299-g1ab19c6527 (webtiles) character file.

Game seed: 6873073845133070917

415 drugrobin the Poker (level 6, 0/48 HPs)
             Began as a Demigod Warper on June 16, 2021.
             Slain by a scorpion (2 damage)
             ... on level 4 of the Dungeon.
             The game lasted 00:10:38 (4412 turns).

drugrobin the Poker (Demigod Warper)                Turns: 4412, Time: 00:10:39

Health: 0/48       AC: 10    Str: 11 (12) XL:     6   Next: 33%
Magic:  15/15      EV: 11    Int: 18 (19) God:
Gold:   110        SH:  0    Dex: 16 (17) Spells: 4/12 levels left

rFire    . . .     SeeInvis .   a - +1 spear
rCold    . . .     Faith    .   (no shield)
rNeg     . . .     Spirit   .   b - +0 leather armour
rPois    .         Reflect  .   (no helmet)
rElec    .         Harm     .   (no cloak)
rCorr    .         Rampage  .   (no gloves)
Will     .....                  s - +2 pair of boots
Stlth    +.........             (no amulet)
HPRegen  0.16/turn              i - +4 ring of protection
MPRegen  0.14/turn              (no ring)

@: lethally poisoned (0 -> -3)
A: high mp 1, forlorn
a: no special abilities


You were on level 4 of the Dungeon.
You visited 1 branch of the dungeon, and saw 5 of its levels.
You also visited: Sewer.

You collected 110 gold pieces.

Inventory:

Hand Weapons
 a - a +1 spear (weapon)
 q - a +0 trident
Missiles
 d - 5 boomerangs of dispersal
 f - 2 datura-tipped darts
 l - 93 arrows
 m - 29 bolts
 t - 10 stones (quivered)
Armour
 b - a +0 leather armour (worn)
 s - a +2 pair of boots (worn)
Jewellery
 i - a +4 ring of protection (left hand)
Scrolls
 c - 2 scrolls of blinking
 e - a scroll of amnesia
 g - a scroll of immolation
 j - 2 scrolls of enchant weapon
 k - a scroll of silence
 n - 2 scrolls of identify
 u - a scroll of summoning {unknown}
 w - 2 scrolls of teleportation
 B - a scroll of fear
Potions
 h - a potion of cancellation {unknown}
 o - 4 potions of flight
 p - a potion of haste {unknown}
 r - a potion of mutation {unknown}
 v - a potion of degeneration
 x - a potion of curing {unknown}
 z - a potion of ambrosia {unknown}
 A - a potion of might {unknown}
 C - 2 potions of attraction {unknown}


   Skills:
 - Level 1.7 Fighting
 + Level 5.2 Polearms
 - Level 0.8 Throwing
 - Level 0.8 Armour
 - Level 1.7 Dodging
 + Level 3.8 Spellcasting
 - Level 2.6 Translocations


You had 4 spell levels left.
You knew the following spells:

 Your Spells              Type           Power      Damage    Failure   Level
a - Teleport Other        Tloc           13%        N/A       21%         3
b - Blink                 Tloc           N/A        N/A       10%         2
c - Gell's Gravitas       Tloc           6%         N/A       21%         3

Your spell library contained the following spells:

 Spells                   Type           Power      Damage    Failure   Level
 Lesser Beckoning         Tloc           6%         N/A       21%         3
 Manifold Assault         Tloc           13%        N/A       88%         5


Dungeon Overview and Level Annotations

Branches:
Dungeon (5/15)              Sewer (visited)
 Temple: D:4-7

Annotations:
D:2 Sigmund
D:3 1 runed translucent door, thriggle's ghost, amateur HuMo


Innate Abilities, Weirdness & Mutations

Your attributes grow dramatically as you level up.
You have an increased reservoir of magic. (+10% MP)
You shall have no god before yourself.


Message History

You are no longer poisoned.
Unknown command.
You hit the scorpion.
The scorpion is lightly wounded.
The scorpion closely misses you. The scorpion stings you.
The ball python completely misses you. The ball python barely misses you.
The scorpion barely misses you. The scorpion stings you.
You are poisoned.
The scorpion poisons you!
You feel sick.
You feel sick.
You feel sick. The ball python misses you. The ball python grabs you.
The ball python constricts you. The scorpion stings you!
You are lethally poisoned!
The scorpion poisons you!
The ball python's grasp on you weakens, but your attempt to escape fails.
* * * LOW HITPOINT WARNING * * *
You feel very sick. The ball python closely misses you.
The ball python constricts you.
The scorpion stings you but does no damage.
You escape the ball python's grasp.
* * * LOW HITPOINT WARNING * * *
You feel very sick.
* * * LOW HITPOINT WARNING * * *
You feel very sick.
* * * LOW HITPOINT WARNING * * *
You feel sick.
Found a fizzy emerald potion.
* * * LOW HITPOINT WARNING * * *
You feel sick.
* * * LOW HITPOINT WARNING * * *
You feel sick. The scorpion barely misses you.
It was a potion of degeneration.
There was something very wrong with that liquid.
You feel weakened.
You feel dopey.
You feel clumsy.
* * * LOW HITPOINT WARNING * * *
You feel sick. The scorpion stings you.
You die...

##..........#
#...(......#
#####.........#
##.####........#
.#...##.......##
#...####(.....#
#...†####.....##
#.##...##......######..#
######...#....Ss@..!..#
###.....#######..#
###.### #..# #.## #.#
##.# #..# ##.##


You could see a scorpion and a ball python.

Vanquished Creatures
  A necrophage (D:4)
  A howler monkey (D:4)
  A centaur zombie (D:4)
  An iguana (D:4)
  An orc wizard (D:4)
  A bullfrog skeleton (D:4)
  A hound skeleton (D:4)
  5 adders
  A shadow imp (D:4)
  4 worms
  3 dart slugs
  7 orcs
  13 bats
  3 endoplasms
  8 giant cockroaches
  6 hobgoblins
  14 jackals
  7 quokkas
  6 ball pythons
  4 frilled lizards
  6 goblins
  3 kobolds
  3 rats
100 creatures vanquished.

Vanquished Creatures (others)
  A plant (D:2)
1 creature vanquished.

Grand Total: 101 creatures vanquished

Notes
Turn   | Place    | Note
-------+----------+-------------------------------------------
     0 | D:1      | drugrobin the Demigod Warper began the quest for the Orb.
     0 | D:1      | Reached XP level 1. HP: 17/17 MP: 5/5
    40 | D:1      | Reached skill level 2 in Polearms
   195 | D:1      | Reached XP level 2. HP: 20/24 MP: 7/7
   198 | D:1      | Learned a level 2 spell: Blink
   414 | D:1      | Reached skill level 3 in Polearms
  1242 | D:2      | Reached XP level 3. HP: 24/29 MP: 8/8
  1808 | D:2      | Noticed Sigmund
  1834 | D:2      | Learned a level 3 spell: Teleport Other
  2283 | D:3      | Reached XP level 4. HP: 31/36 MP: 10/10
  2567 | D:3      | Reached skill level 4 in Polearms
  2965 | D:3      | Found a runed translucent door.
  2965 | D:3      | Noticed thriggle's ghost (amateur HuMo)
  3075 | D:3      | Noticed an angel
  3100 | D:3      | You fall into a shaft and drop 2 floors!
  3100 | D:5      | Entered Level 5 of the Dungeon
  3235 | D:4      | Reached XP level 5. HP: 26/41 MP: 10/12
  3276 | D:4      | Learned a level 3 spell: Gell's Gravitas
  3302 | D:4      | Noticed a necrophage
  3330 | D:4      | Killed a necrophage
  3553 | D:4      | Found a glowing drain.
  3572 | Sewer    | Entered a sewer
  3809 | Sewer    | Reached skill level 5 in Polearms
  3809 | Sewer    | Reached XP level 6. HP: 46/48 MP: 14/14
  4412 | D:4      | HP: 2/48 [poisoned by a scorpion]
  4412 | D:4      | Slain by a scorpion

Illustrated notes

Levels and vault maps discovered:
D:1:      lemuel_arrival_behind_the_door_small, layout_basic, minmay_nonomino_d4
D:2:      layout_rooms, basic_altar, shapermc_ecumenical_altar_flowoftime,
          uniq_sigmund
D:3:      layout_basic, zin_angel, gammafunk_ghost_grave
D:4:      layout_cave_pods, gup_sewer_entry_pipe, chequers_jeans
D:5:      layout_basic, lemuel_doored_altar, minmay_temple_entry_mist

Skill      XL: |  1  2  3  4  5 |
---------------+----------------+-----
Polearms       | 2 3 4 5 |  5.2
Spellcasting   | 2 3 |  3.8
Fighting       | |  1.7
Throwing       | |  0.8
Armour         | |  0.8
Dodging        | |  1.7
Translocations | |  2.6

Action                   |  1- 3 |  4- 6 || total
-------------------------+-------+-------++-------
Melee: Spear             |   203 |   339 ||   542
Throw: Stone             |     8 |    13 ||    21
       Dart              |       |     2 ||     2
 Cast: Blink             |       |     1 ||     1
  Use: Scroll            |       |     8 ||     8
       Potion            |       |     1 ||     1
 Stab: Sleeping          |     1 |     1 ||     2
Armor: Leather armour    |    48 |   130 ||   178
Dodge: Dodged            |   107 |   198 ||   305

Table legend: (Time is in decaauts)
 A = Elapsed time spent in this place.
 B = Non-inter-level travel time spent in this place.
 C = Inter-level travel time spent in this place.
 D = Time resting spent in this place.
 E = Time spent auto-exploring this place.
 F = Levels seen in this place.
 G = Mean time per level.
                   A        B        C        D        E       F      G
               +--------+--------+--------+--------+--------+-----+--------+
         Total |   4463 |   4319 |    144 |    690 |   2386 |   6 |  743.8 |
       Dungeon |   4011 |   3867 |    144 |    690 |   2131 |   5 |  802.2 |
         Sewer |    452 |    452 |      0 |      0 |    255 |   1 |  452.0 |
               +--------+--------+--------+--------+--------+-----+--------+

Top non-repeatable levels by time:
     D:1: 1127 daAuts
     D:3: 1096 daAuts
     D:4: 900 daAuts
     D:2: 860 daAuts
   Sewer: 452 daAuts
     D:5: 26 daAuts
